Unix xNetHack Version 7.1.0 - last build Aug 24 2022 01:07:05 (1fa1f62cd5ceb2637dd02cb5911b63b761633c84). Game began 2022-09-07 10:30:10, ended 2022-09-08 12:42:10. breadmaster, lawful female dwarven Valkyrie | ----------- |.....$..... %...%...%.| ------------- | .......%.(| |...........| ------ ..........%%#%))######-a@.........| |....| ------.---- #|..........+| ####.....| -------|----- # |....| #######################-....| ### # |....| ## # ------ --------------.-# |.......%......|# |..............|# |...............# |.........<....| ---------------- Breadmaster the Fighter St:25 Dx:11 Co:20 In:7 Wi:8 Ch:7 Lawful S:10664 Dlvl:11 $:474 HP:0(94) Pw:15(15) AC:-4 Xp:9/2716 T:4270 Latest messages: You miss the killer bee. The killer bee stings! You kill the killer bee! The killer bee stings! The killer bee misses! The killer bee misses! The killer bee misses! You kill the killer bee! The killer bee misses! The killer bee stings! You kill the killer bee! You kill the killer bee! The killer bee misses! The killer bee stings! You kill the killer bee! The killer bee misses! The killer bee stings! You miss the killer bee. You miss the killer bee. The killer bee misses! The killer bee misses! You kill the killer bee! The killer bee misses! The queen bee stings! The killer bee misses! The queen bee stings! The queen bee stings! The killer bee stings! The queen bee stings! The queen bee stings! The killer bee misses! The queen bee misses! The queen bee stings! There is a doorway here. You see here a killer bee corpse. The queen bee stings! You see here 4 killer bee corpses. There are several objects here. The queen bee misses! You see here a dart. The queen bee stings! The queen bee stings! The queen bee's sting was poisoned! The queen bee stings! The queen bee misses! The queen bee stings! The queen bee stings! The queen bee stings! You die... Do you want your possessions identified? [ynq] (y) q Major events: Turn 1: breadmaster the lawful dwarven Valkyrie entered the dungeon 618: attained the rank of Skirmisher (level 3) 912: entered the Gnomish Mines 2521: entered Sokoban 2592: attained the rank of Fighter (level 6) 4270: killed by a queen bee Inventory: Inventory: 588/1000 weight (35/52 slots) Coins $ - 474 gold pieces {5} Amulets z - an uncursed silver amulet of life saving {25} Weapons n - 10 +0 arrows {10} b - a +0 dagger (alternate weapon; not wielded) {10} a - a rusty corroded +1 dwarvish spear (weapon in hand) {35} v - a +0 wooden elven dagger {3} k - a blessed +0 orcish dagger {10} E - a +0 orcish dagger {10} Armor w - an uncursed very rusty +0 pair of gauntlets of power (being worn) {23} c - an uncursed +3 small shield (being worn) {23} x - an uncursed +3 robe (being worn) {12} h - an uncursed +0 wooden banded mail (being worn) {99} Comestibles S - an uncursed slime mold {5} p - 2 uncursed cream pies {20} d - 9 uncursed food rations {180} R - 6 uncursed lumps of royal jelly {12} H - an uncursed tripe ration {10} A - an uncursed tin of french fried troll meat {10} Scrolls J - a blessed scroll of amnesia {5} o - an uncursed scroll of food detection {5} N - a cursed scroll of identify {5} K - an uncursed scroll of stinking cloud {5} B - a cursed scroll of teleportation {5} Rings j - a blessed +4 ring of gain strength {3} Wands Q - a wand of opening (0:5) {7} q - a wand of undead turning (0:7) {7} g - a wand of undead turning (0:6) {7} Tools s - a cursed leash {12} r - an uncursed copper pea whistle {3} P - an uncursed skeleton key {3} Gems/Stones m - 3 uncursed worthless pieces of blue glass {3} L - an uncursed worthless piece of green glass {1} D - 3 uncursed worthless pieces of orange glass {3} i - an uncursed worthless piece of violet glass {1} u - an uncursed worthless piece of white glass {1} M - an uncursed luckstone {10} Breadmaster the Valkyrie's attributes: Background: You were a Fighter, a level 9 dwarven Valkyrie. You were lawful, on a mission for Tyr who was opposed by Odin (neutral) and Loki (chaotic). You were heterosexual. You were in the Dungeons of Doom, on level 11. You entered the dungeon 4270 turns ago. You had 2716 experience points, 2404 more were needed to attain level 10. Your score was 10664 before end-of-game adjustments. Basics: You had 0 out of 94 hit points. You had all 15 energy points (spell power). Your armor class was -4. Your wallet contained 474 zorkmids. Autopickup was off. Final Characteristics: Your strength was 25 (base:18/01, innate limit:18/100). Your dexterity was 11 (peak:15, limit:20). Your constitution was 20 (limit:20). Your intelligence was 7 (limit:16). Your wisdom was 8 (limit:16). Your charisma was 7 (limit:16). Final Status: You were not hungry. You were unencumbered. You were wielding a spear. You were skilled in spear. Final Attributes: You were piously aligned. You were cold resistant. You were sleep resistant. You had infravision. You were stealthy. You were guarded. You were fast. You were lucky. You had extra luck. Bad luck did not time out for you. Good luck did not time out for you. You are dead. Miscellaneous: You never encountered a bones level. Total elapsed playing time was 4 hours, 53 minutes and 14 seconds. Vanquished creatures: a queen bee 2 small mimics a large dog a Grey-elf a wraith an ettin zombie a crocodile a gremlin a leprechaun an orc mummy an ogre an owlbear a plains centaur an orc shaman a rock mole a pony a fog cloud a yellow light a gray ooze 2 straw golems a little dog a floating eye 2 kittens 3 homunculi a centipede a giant bat a dwarf zombie a wererat a werejackal 36 killer bees 2 acid blobs 53 gas spores 2 large kobolds a hobgoblin a cave spider a yellow mold a green mold a red mold 3 geckos 3 jackals a kobold 3 goblins a sewer rat 2 grid bugs 5 bats 5 lichens 2 kobold zombies 4 newts 161 creatures vanquished. No species were genocided or became extinct. Voluntary challenges: You read items or engraved 3 times. You never genocided any monsters. You never polymorphed an object. You never touched an artifact. You used no wishes. You never scared an enemy with impunity. You were celibate. You never generated conflict. You did not violate any of the special Sokoban rules. Achievements: You entered a shop. You attained the rank of Skirmisher. You entered the Gnomish Mines. You entered Sokoban. You attained the rank of Fighter. The Dungeons of Doom: levels 1 to 12 Level 1: Some fountains, a grave. Level 2: A jewelry shop, some fountains, a sink, a tree. Level 3: Stairs down to The Gnomish Mines. Level 4: An armor shop. Level 5: A fountain. Level 6: Many fountains. Oracle of Delphi. Level 7: Stairs up to Sokoban, level 6. Level 8: A fountain. Level 9: A tool shop. Level 10: Level 11: <- You were here. Final resting place for you, killed by a queen bee. Level 12: The Gnomish Mines: Level 4: Sokoban: Level 6: Unsolved. Game over: __________ / \ / REST \ / IN \ / PEACE \ / \ | breadmaster | | 474 Au | | killed by a | | queen bee | | | | | | 2022 | *| * * * | * _________)/\\_//(\/(/\)/\//\/|_)_______ Farvel breadmaster the Valkyrie... You died in The Dungeons of Doom on dungeon level 11 with 10617 points, and 474 pieces of gold, after 4270 moves. You were level 9 with a maximum of 94 hit points when you died.